 Dungeon Sprint DCSS version 0.28.0-53-g5a82cb258f (webtiles) character file.

Game seed: 15162656861281128182

9800000 Groucho the Intangible (level 27, -4/174 HPs)
             Began as a Spriggan Abyssal Knight on June 7, 2022.
             Was the Champion of Makhleb.
             Killed from afar by a dread (23 damage)
             ... with damnation
             ... in the Dungeon (Sprint VIII: "Arena of Blood").
             The game lasted 00:04:36 (98 turns).

Groucho the Intangible (Spriggan Abyssal Knight)      Turns: 98, Time: 00:04:37

Health: -4/174     AC:  4    Str:  9    XL:     27
Magic:  31/55      EV: 53    Int: 13    God:    Makhleb [******]
Gold:   0          SH:  0    Dex: 28    Spells: 80/80 levels left

rFire   . . .      SeeInvis +   i - +∞ Axe of Woe
rCold   . . .      Faith    .   (shield currently unavailable)
rNeg    . . .      Spirit   .   b - +0 robe
rPois   .          Reflect  .   (helmet restricted)
rElec   .          Harm     .   (no cloak)
rCorr   .          Rampage  .   (gloves unavailable)
Will    ++++.      NoTele   +   (boots unavailable)
Stlth   ++........              (no amulet)
HPRegen 0.39/turn               (no ring)
MPRegen 0.34/turn               (no ring)

@: hasted, very quick
A: very small, no large weapons, unfitting armour, see invisible, speed 3
a: Renounce Religion, Minor Destruction, Lesser Servant of Makhleb, Major
Destruction, Greater Servant of Makhleb


You were in the Dungeon.
You worshipped Makhleb.
Makhleb was exalted by your worship.
You visited 1 branch

Inventory:

Hand Weapons
 a - a +1 hand axe
 i - the +∞ Axe of Woe (weapon)
   (You found it in the Dungeon)
Armour
 b - a +0 robe (worn)
Jewellery
 j - a +200 ring of slaying
Scrolls
 h - a scroll of blinking
Potions
 c - a potion of curing
 d - a potion of heal wounds
 f - 2 potions of magic
 g - a potion of berserk rage


   Skills:
 O Level 27 Fighting
 O Level 27 Short Blades
 O Level 27 Long Blades
 O Level 27 Axes
 O Level 27 Maces & Flails
 O Level 27 Polearms
 O Level 27 Staves
 O Level 27 Slings
 O Level 27 Bows
 O Level 27 Crossbows
 O Level 27 Throwing
 O Level 27 Armour
 O Level 27 Dodging
 O Level 27 Shields
 O Level 27 Unarmed Combat
 O Level 27 Spellcasting
 O Level 27 Conjurations
 O Level 27 Hexes
 O Level 27 Summonings
 + Level 12.7 Necromancy
 + Level 19.0 Translocations
 O Level 27 Invocations


You had 80 spell levels left.
You didn't know any spells.
Your spell library was empty.

Dungeon Overview and Level Annotations

Branches:
Dungeon (1/1)

Altars:
Makhleb


Innate Abilities, Weirdness & Mutations

You are very small and have problems with some larger weapons.
You are too small for most types of armour.
You have supernaturally acute eyesight. (SInv)
You cover ground extremely quickly. (Speed+++)


Message History

Your Translocations skill gained 15 levels and is now at level 15!
You dice the meat berserker like an onion!!!!
You pulverise the meat berserker into a thin bloody mist.
You kill the meat berserker!
Makhleb accepts your kill.
You cut the bag of meat into ribbons!!!!
You fatally mangle the bag of meat.
You blow up the bag of meat!
Makhleb accepts your kill.
You hear two shouts!
You hear a shout!
A meat beast comes into view.
An observer comes into view. x2
You hear a shout!
The tyrant casts a spell.
You hear a shout! x2
A tyrant comes into view.
You hear a shout!
The bag of meat shouts!
You hear a shout!
Your Necromancy skill gained 2 levels and is now at level 12!
Your Translocations skill gained 4 levels and is now at level 19!
A meat berserker comes into view. It is wielding a +9 battleaxe.
You remove your +200 ring of slaying.
You hear a shout! x3
The observer gazes at you. Something smites you!
* * * LOW HITPOINT WARNING * * *
You hear a shout! x4
You are too injured to fight recklessly!
Unknown command.
You are too injured to fight recklessly!
You hit the bag of meat.
You slaughter the bag of meat joyfully.
You kill the bag of meat!
Makhleb accepts your kill.
The accursed appears out of thin air!
An accursed comes into view.
You hear a shout! x5
The accursed casts a spell at you. Something smites you!
* * * LOW HITPOINT WARNING * * *
The dread throws damnation at you.
The sphere of damnation explodes!
The damnation engulfs you!!
You die...

....... ..
.......O.
#.......# X. #...
.2.# . ..o###...
.o.###..
...oLW.G###....o§
#Xo.D.oO.M).L....
#o)))o# #_)@)_#
#)))).#
......)_M2o.OD.
......###...XLo
..###... ...###..
. #... ..O# .
#... ..o#
........o .. ..


You could see 2 accurseds, 2 meat beasts, 3 tyrants, an eight-headed meat hydra,
an observer (fast, invisible), a large abomination (summoned), a dread, 4 meat
berserkers and 11 bags of meat.

Vanquished Creatures
  Sigmund (D)
  4 hell beasts (D)
  3 royal mummies (D)
  2 wraiths (D)
  10 vampire knights (D)
  25 ogres (D)
  2 two-headed ogres (D)
  4 liches (D)
  29 orcs (D)
  A phantom (D)
  3 skeletal warriors (D)
84 creatures vanquished.

Notes
Turn   | Place    | Note
-------+----------+-------------------------------------------
     0 | D        | Found the +∞ Axe of Woe
     0 | D        | Groucho the Spriggan Abyssal Knight began the quest for the
                  | Orb.
     0 | D        | Reached XP level 1. HP: 11/11 MP: 3/3
     0 | D        | Noticed a meat berserker
     2 | D        | Noticed a bag of meat
     4 | D        | Fell from the grace of Lugonu
     4 | D        | Became a worshipper of Makhleb the Destroyer
     4 | D        | Noticed a bag of meat
     5 | D        | Noticed a bag of meat
     5 | D        | Noticed a bag of meat
     6 | D        | Noticed a bag of meat
     7 | D        | Killed a meat berserker
     8 | D        | Reached XP level 2. HP: 16/16 MP: 4/4
     8 | D        | Reached XP level 3. HP: 19/19 MP: 5/5
     8 | D        | Reached XP level 4. HP: 23/23 MP: 6/6
     8 | D        | Reached XP level 5. HP: 27/27 MP: 7/7
     8 | D        | Reached XP level 6. HP: 32/32 MP: 8/8
     8 | D        | Reached XP level 7. HP: 35/35 MP: 9/9
     8 | D        | Reached XP level 8. HP: 39/39 MP: 10/10
     8 | D        | Reached XP level 9. HP: 43/43 MP: 11/11
     8 | D        | Reached XP level 10. HP: 47/47 MP: 12/12
     8 | D        | Reached XP level 11. HP: 51/51 MP: 13/13
     8 | D        | Noticed a meat berserker
     9 | D        | Killed a bag of meat
     9 | D        | Reached * piety under Makhleb
    10 | D        | Reached skill level 27 in Dodging
    10 | D        | Reached XP level 12. HP: 56/56 MP: 14/14
    10 | D        | Killed a bag of meat
    10 | D        | Noticed a bag of meat
    11 | D        | Reached XP level 13. HP: 59/59 MP: 15/15
    11 | D        | Noticed a bag of meat
    11 | D        | Killed a bag of meat
    12 | D        | Killed a bag of meat
    12 | D        | Reached ** piety under Makhleb
    13 | D        | Killed a meat berserker
    14 | D        | Reached skill level 27 in Axes
    14 | D        | Reached skill level 5 in Armour
    14 | D        | Reached XP level 14. HP: 72/72 MP: 16/16
    14 | D        | Killed a bag of meat
    15 | D        | Killed a bag of meat
    15 | D        | Reached *** piety under Makhleb
    16 | D        | Reached skill level 10 in Armour
    17 | D        | Noticed a meat berserker
    17 | D        | Killed a bag of meat
    18 | D        | Reached XP level 15. HP: 86/86 MP: 17/17
    21 | D        | Killed a meat berserker
    22 | D        | Reached skill level 15 in Fighting
    22 | D        | Noticed a meat berserker
    22 | D        | Noticed a destroyer
    23 | D        | Noticed a meat berserker
    23 | D        | Noticed a meat berserker
    26 | D        | Noticed a destroyer
    26 | D        | Killed a destroyer
    26 | D        | Reached **** piety under Makhleb
    26 | D        | Noticed a large bag of meat
    26 | D        | Noticed a destroyer
    27 | D        | Noticed a large bag of meat
    28 | D        | Killed a destroyer
    28 | D        | Noticed a meat berserker
    28 | D        | Noticed a meat berserker
    29 | D        | Reached XP level 16. HP: 105/105 MP: 18/18
    29 | D        | Killed a meat berserker
    29 | D        | Killed a large bag of meat
    30 | D        | Reached XP level 17. HP: 61/115 MP: 19/19
    30 | D        | Killed a meat berserker
    30 | D        | Reached ***** piety under Makhleb
    31 | D        | Noticed a sculptor of flesh
    31 | D        | Killed a meat berserker
    31 | D        | Noticed a meat berserker
    37 | D        | Reached skill level 27 in Fighting
    37 | D        | Noticed a destroyer
    38 | D        | Noticed a destroyer
    39 | D        | Killed a meat berserker
    40 | D        | Reached skill level 27 in Armour
    40 | D        | Reached skill level 10 in Invocations
    40 | D        | Reached XP level 18. HP: 127/127 MP: 19/26
    40 | D        | Killed a destroyer
    40 | D        | Killed a meat berserker
    40 | D        | Reached ****** piety under Makhleb
    41 | D        | Reached skill level 15 in Unarmed Combat
    41 | D        | Killed a destroyer
    41 | D        | Noticed a sculptor of flesh
    42 | D        | Reached XP level 19. HP: 132/132 MP: 19/35
    42 | D        | Noticed a destroyer
    42 | D        | Noticed a meat berserker
    43 | D        | Killed a large bag of meat
    43 | D        | Noticed a tyrant
    45 | D        | Reached skill level 27 in Invocations
    45 | D        | Noticed an accursed
    47 | D        | Killed a destroyer
    47 | D        | Noticed a meat berserker
    47 | D        | Noticed a meat berserker
    48 | D        | Reached skill level 27 in Unarmed Combat
    49 | D        | Killed a meat berserker
    49 | D        | Killed an accursed
    50 | D        | Reached XP level 20. HP: 70/137 MP: 20/38
    50 | D        | Noticed a destroyer
    51 | D        | Killed a tyrant
    52 | D        | Killed a destroyer
    53 | D        | Reached skill level 27 in Short Blades
    53 | D        | Reached XP level 21. HP: 132/142 MP: 21/39
    53 | D        | Noticed an accursed
    53 | D        | Noticed a tyrant
    54 | D        | Noticed an accursed
    55 | D        | Reached skill level 27 in Long Blades
    55 | D        | Killed a destroyer
    59 | D        | Noticed a meat beast
    60 | D        | Killed a meat beast
    61 | D        | Reached XP level 22. HP: 147/148 MP: 22/40
    61 | D        | Killed a tyrant
    62 | D        | Noticed The Captor
    62 | D        | Noticed a destroyer
    63 | D        | Noticed a dread
    63 | D        | Noticed a tyrant
    64 | D        | Noticed a destroyer
    66 | D        | Killed The Captor
    67 | D        | Reached skill level 27 in Maces & Flails
    67 | D        | Reached skill level 27 in Polearms
    67 | D        | Reached XP level 23. HP: 97/153 MP: 23/41
    67 | D        | Killed an accursed
    67 | D        | Noticed a meat beast
    68 | D        | Reached skill level 27 in Bows
    68 | D        | Reached XP level 24. HP: 74/158 MP: 24/41
    68 | D        | Killed a destroyer
    69 | D        | Reached skill level 27 in Staves
    70 | D        | Killed a meat beast
    71 | D        | Killed an accursed
    72 | D        | Reached skill level 27 in Crossbows
    72 | D        | Reached skill level 27 in Throwing
    72 | D        | Reached skill level 5 in Shields
    72 | D        | Reached XP level 25. HP: 163/163 MP: 24/41
    73 | D        | Killed a destroyer
    74 | D        | Noticed a tyrant
    77 | D        | Reached skill level 27 in Slings
    77 | D        | Killed a tyrant
    77 | D        | Noticed a meat beast
    78 | D        | Reached XP level 26. HP: 169/169 MP: 26/41
    78 | D        | Noticed a dread
    79 | D        | Killed a tyrant
    79 | D        | Noticed a tyrant
    80 | D        | Reached skill level 27 in Shields
    80 | D        | Killed a meat beast
    80 | D        | Noticed a meat beast
    82 | D        | Reached skill level 27 in Spellcasting
    83 | D        | Killed a dread
    84 | D        | Noticed a dread
    85 | D        | Reached XP level 27. HP: 174/174 MP: 28/55
    85 | D        | Killed a meat beast
    86 | D        | Reached skill level 27 in Conjurations
    86 | D        | Killed a dread
    87 | D        | Reached skill level 27 in Hexes
    89 | D        | Noticed a tyrant
    90 | D        | Noticed an accursed
    92 | D        | Noticed a tyrant
    92 | D        | Noticed a destroyer
    93 | D        | Noticed a meat beast
    93 | D        | Noticed a large bag of meat
    94 | D        | Noticed a meat beast
    95 | D        | Killed a destroyer
    96 | D        | Reached skill level 27 in Summonings
    96 | D        | Reached skill level 10 in Necromancy
    96 | D        | Reached skill level 15 in Translocations
    96 | D        | Noticed a meat beast
    96 | D        | Noticed a tyrant
    98 | D        | Killed from afar by a dread

Illustrated notes

Levels and vault maps discovered:
D:        meatsprint

Skill      XL: |  1  2  3  4  5  6  7  8  9 10 11 12 13 14 15 16 17 18 19 20 21 22 23 24 25 26 27 |
---------------+----------------------------------------------------------------------------------+-----
Axes           | 17 20 22 27 | 27.0
Dodging        | 26 27 | 27.0
Fighting       | 7 13 20 23 27 | 27.0
Armour         | 5 11 19 21 27 | 27.0
Unarmed Combat | 8 20 27 | 27.0
Invocations    | 10 23 27 | 27.0
Short Blades   | 23 27 | 27.0
Long Blades    | 18 22 27 | 27.0
Maces & Flails | 21 27 | 27.0
Polearms       | 21 27 | 27.0
Staves         | 14 22 27 | 27.0
Bows           | 22 27 | 27.0
Crossbows      | 27 | 27.0
Throwing       | 27 | 27.0
Slings         | 8 27 | 27.0
Shields        | 5 23 27 | 27.0
Spellcasting   | 27 | 27.0
Conjurations   | 25 27 | 27.0
Hexes          | 27 | 27.0
Summonings     | 27 | 27.0
Necromancy     | 12 | 12.7
Translocations | 19 | 19.0

Action                   |  1- 3 |  4- 6 |  7- 9 | 10-12 | 13-15 | 16-18 | 19-21 | 22-24 | 25-27 || total
-------------------------+-------+-------+-------+-------+-------+-------+-------+-------+-------++-------
Melee: Broad axe         |     1 |       |       |     2 |     9 |     9 |    13 |     8 |    21 ||    63
  Use: Potion            |       |       |       |       |       |       |       |       |     1 ||     1
Dodge: Dodged            |       |       |       |       |     3 |       |       |       |     4 ||     7
